 Dungeon Crawl Stone Soup version 0.17.2-1-ge4368a0 (webtiles) character file.

134 ololoev the Chopper (level 4, 0/35 HPs)
             Began as a Demonspawn Berserker on July 28, 2016.
             Was a Believer of Trog.
             Succumbed to an adder's poison
             ... on level 4 of the Dungeon.
             The game lasted 00:02:29 (351 turns).

ololoev the Chopper (Demonspawn Berserker)           Turns: 351, Time: 00:02:29

Health: 0/35       AC:  2    Str: 18    XL:     4   Next: 95%
Magic:  4/4        EV: 13    Int:  9    God:    Trog [**....]
Gold:   91         SH:  0    Dex: 14    Spells: 0 memorised, 3 levels left

rFire  . . .     SeeInvis .     a - +0 hand axe
rCold  . . .     Clarity  .     b - +0 animal skin
rNeg   . . .     SustAt   .     (no shield)
rPois  .         Gourm    .     (no helmet)
rElec  .         Spirit   .     (no cloak)
rCorr  .         Warding  .     (no gloves)
rMut   .         Stasis   .     (no boots)
MR     .....                    (no amulet)
Stlth  ++........               (no ring)
                                (no ring)

@: lethally poisoned (0 -> -4), exhausted, slowed, very slow, not resistant to
hostile enchantments, unstealthy
A: thin skeletal structure 1, demonic guardian 1
a: Berserk, Trog's Hand, Burn Spellbooks, Renounce Religion


Innate Abilities, Weirdness & Mutations

You have a somewhat thin skeletal structure (Dex +2, Stealth).
A weak demonic guardian rushes to your aid.

Inventory:

Hand Weapons
 a - a +0 hand axe (weapon)
Armour
 b - a +0 animal skin (worn)
Scrolls
 e - a scroll of teleportation {unknown}
 f - a scroll of remove curse {unknown}
Potions
 g - 2 potions of curing
 i - a potion of magic
Comestibles
 c - a bread ration
 d - a slice of pizza
 h - a meat ration
 j - 2 chunks of flesh


   Skills:
 - Level 3.0 Fighting
 * Level 4.1 Axes
 + Level 2.8 Armour
 + Level 2.6 Dodging


You had 3 spell levels left.
You didn't know any spells.


You were on level 4 of the Dungeon.
You worshipped Trog.
Trog was pleased with you.
You were very hungry.

You visited 1 branch of the dungeon, and saw 5 of its levels.

You collected 91 gold pieces.

....##### ##.>..#
#.#...... .......###
......... ..........
#..####.. .........#
#.#....# .........#
#......# .........#
#...##.. .......).#
##.## ###
.......@5#######..######
......o)...............†
........†..#############
##.......†..#
#####.......# .........#
...#.......#
.####....... #.....###

Notes
Turn   | Place    | Note
--------------------------------------------------------------
     0 | D:1      | ololoev the Demonspawn Berserker began the quest for the Orb.
     0 | D:1      | Reached XP level 1. HP: 18/18 MP: 1/1
     2 | D:1      | Noticed a ghoul
     4 | D:1      | Noticed a felid
     4 | D:1      | Noticed a spriggan
     6 | D:1      | Noticed an elf
     6 | D:1      | Noticed a formicid
     8 | D:1      | Noticed a dwarf
     8 | D:1      | Noticed a gargoyle
    12 | D:1      | Noticed a troll
    12 | D:1      | Noticed an ogre
    14 | D:1      | Noticed a tengu
    14 | D:1      | Noticed a draconian
    16 | D:1      | Noticed a vampire
    16 | D:1      | Noticed a naga
    18 | D:1      | Noticed a demonspawn
    18 | D:1      | Noticed a human
    20 | D:1      | Noticed a minotaur
    22 | D:1      | Noticed a centaur
    22 | D:1      | Noticed an octopode
    24 | D:1      | Noticed a demigod
    24 | D:1      | Noticed a merfolk
    26 | D:1      | Noticed a vine stalker
   137 | D:3      | Found a faded altar to an unknown god.
   141 | D:3      | Gained mutation: You have a somewhat thin skeletal structure (Dex +2, Stealth). [demonic ancestry]
   141 | D:3      | Reached XP level 2. HP: 22/24 MP: 2/2
   266 | D:3      | HP: 1/24 [kobold (3)]
   270 | D:3      | Reached XP level 3. HP: 14/29 MP: 3/3
   294 | D:5      | Entered Level 5 of the Dungeon
   339 | D:4      | Reached ** piety under Trog
   340 | D:4      | Gained mutation: A weak demonic guardian rushes to your aid. [demonic ancestry]
   340 | D:4      | Reached XP level 4. HP: 24/35 MP: 4/4
   346 | D:4      | Reached skill level 4 in Axes
   350 | D:4      | HP: 1/35 [orc priest/hand axe (3)]
   351 | D:4      | Succumbed to an adder's poison

Dungeon Overview and Level Annotations

Branches:
Dungeon (5/15)
 Temple: D:4-7

Altars:


Message History

You are feeling very hungry.
Your iron imp hits the orc.
The orc priest hits you with a hand axe.
The orc hits you with a short sword. The adder barely misses you.
Found a stone staircase leading down.
You slash the orc!
You kill the orc!
Trog accepts your kill.
You hit the orc priest but do no damage.
You hit the adder but do no damage. The adder bites you.
Your iron imp closely misses the adder.
The orc priest hits you but does no damage.
The adder bites you.
You are poisoned.
The adder poisons you!
Unknown command.
You hit the adder.
The adder is moderately wounded.
You hit the orc priest.
The orc priest is lightly wounded.
You feel sick. The adder bites you but does no damage.
The orc priest hits you with a hand axe.
Your iron imp closely misses the adder.
The adder closely misses you.
Unknown command.
You slash the orc priest!
The orc priest is heavily wounded.
You hit the adder.
The adder is heavily wounded.
You feel sick.
The orc priest hits you with a hand axe.
The adder barely misses you.
Your iron imp closely misses the adder.
The adder misses you.
The orc priest looks braver for a moment.
Your iron imp hits the adder!
The adder dies!
Trog accepts your kill.
Unknown command.
You hit the orc priest.
The orc priest is severely wounded.
You die...

You could see an orc priest and a friendly iron imp.

Vanquished Creatures
  An orc priest (D:4)
  A hound (D:4)
  A worker ant (D:4)
  2 adders
  2 worms
  A giant gecko (D:4)
  An orc (D:4)
  2 bats
  2 giant cockroaches
  2 hobgoblins
  A kobold (D:3)
  2 ball pythons
  3 giant newts
  2 goblins
  A quokka skeleton (D:4)
  3 rats
27 creatures vanquished.

Vanquished Creatures (collateral kills)
  An adder (D:4)
1 creature vanquished.

Grand Total: 28 creatures vanquished

Action                   |  1- 3 |  4- 6 || total
-------------------------+-------+-------++-------
Melee: Hand axe          |    52 |     9 ||    61
Invok: Berserk           |     3 |       ||     3
  Use: Potion            |     2 |       ||     2
 Stab: Sleeping          |     1 |       ||     1

Vault maps used:
D:1:      kb_arrival_jail
D:2:      makhleb_altar_promises_db, first_bread
D:3:      cheibriados_altar_1, ecumenical_altar_1
D:4:      nicolae_overflow_hidden_temple, lemuel_blue_sif_altar, uniq_menkaure
D:5:      hangedman_decor_points, dk_yredelemnul_ordeal
